 Dungeon Crawl Stone Soup version 0.27-a0-1101-ge311f74bc8 (webtiles) character file.

Game seed: 10240659406488366120

21473 robertstho the Brawler (level 12, -4/120 HPs)
             Began as a Troll Monk on Apr 28, 2021.
             Was a Follower of Ashenzari.
             Slain by a death yak (18 damage)
             ... in a Gauntlet.
             The game lasted 00:21:48 (10569 turns).

robertstho the Brawler (Troll Monk)                Turns: 10569, Time: 00:21:48

Health: -4/120     AC: 12    Str: 25    XL:     12   Next: 54%
Magic:  11/11      EV: 11    Int:  6    God:    Ashenzari [*.....]
Gold:   650        SH:  5    Dex: 13    Spells: 11/11 levels left

rFire    + . .     SeeInvis +     - Unarmed
rCold    . . .     Faith    .   (no shield)
rNeg     . . .     Spirit   .   s - +0 swamp dragon scales
rPois    +         Reflect  +   h - +2 hat "Discomfort of Ashenzari" {Melee, Self} (curse)
rElec    .         Harm     .   v - scarf of Apeoromancy {repulsion, Evo, Melee} (curse)
rCorr    +         Rampage  .   (gloves unavailable)
Will     .....     NoTele   +   (boots unavailable)
Stlth    +.........             z - amulet of the Cicada {Reflect rF+ Regen+ SH+5}
HPRegen  2.30/turn              l - ring of see invisible
MPRegen  0.12/turn              o - ring of resist corrosion

@: hasted, repel missiles, very quick
A: large, unfitting armour, claws 3, regeneration 1, shaggy fur 1, tough skin 1
a: Renounce Religion, Curse Item, Shatter the Chains


You were in a Gauntlet.
You worshipped Ashenzari.
Ashenzari was aware of your devotion.
You visited 3 branches of the dungeon, and saw 16 of its levels.
You also visited: Gauntlet.

You collected 942 gold pieces.
You spent 292 gold pieces at shops.

Inventory:

Hand Weapons
 y - a +0 scimitar of flaming
Missiles
 n - 4 throwing nets (quivered)
 p - 3 large rocks
Armour
 h - the cursed +2 hat "Discomfort of Ashenzari" (worn) {Melee, Self}
   (You found it on level 8 of the Dungeon)

   It has a curse which improves the following skills: Melee Combat: Short
   Blades, Long Blades, Axes, Maces & Flails, Polearms, Staves and Unarmed
   Combat.
   Introspection: Fighting and Spellcasting.
 s - +0 swamp dragon scales (worn)
 v - the cursed scarf of Apeoromancy (worn) {repulsion, Evo, Melee}
   (You bought it in a shop on level 10 of the Dungeon)

   It has a curse which improves the following skills: Evocations: Evocations.
   Melee Combat: Short Blades, Long Blades, Axes, Maces & Flails, Polearms,
   Staves and Unarmed Combat.
Jewellery
 g - a ring of willpower
 l - a ring of see invisible (left claw)
 o - a ring of resist corrosion (right claw)
 z - the amulet of the Cicada (around neck) {Reflect rF+ Regen+ SH+5}
   (You found it in a Gauntlet)

   [amulet of reflection]

   It reflects blocked missile attacks.
   It protects you from fire.
   It increases your rate of health regeneration.
   It affects your SH (+5).
Wands
 a - a wand of digging (3)
 e - a wand of polymorph (5)
 k - a wand of mindburst (14)
 m - a wand of iceblast (13)
 x - a wand of flame (18)
Scrolls
 b - 3 scrolls of enchant weapon
 c - 3 scrolls of enchant armour
 f - a scroll of holy word
 i - 4 scrolls of fog
 j - a scroll of teleportation
 q - a scroll of amnesia
 t - 2 scrolls of silence
Potions
 d - 2 potions of flight


   Skills:
 * Level 7.1(8.2) Fighting
 + Level 5.0 Armour
 + Level 5.8 Dodging
 + Level 2.4 Stealth
 * Level 16.3(17.6) Unarmed Combat


You had 11 spell levels left.
You didn't know any spells.
Your spell library contained the following spells:

 Spells                   Type           Power      Damage    Failure   Level
 Animate Skeleton         Necr           0%         N/A       58%         1
 Apportation              Tloc           0%         N/A       58%         1
 Corona                   Hex            0%         N/A       58%         1
 Foxfire                  Conj/Fire      0%         2x1d4     58%         1
 Summon Small Mammal      Summ           0%         N/A       58%         1
 Blink                    Tloc           N/A        N/A       73%         2
 Ensorcelled Hibernation  Hex/Ice        0%         N/A       73%         2
 Conjure Flame            Conj/Fire      0%         6-21      91%         3
 Gell's Gravitas          Tloc           0%         N/A       91%         3
 Portal Projectile        Hex/Tloc       0%         N/A       91%         3
 Teleport Other           Tloc           0%         N/A       91%         3
 Animate Armour           Summ/Erth      0%         N/A       100%        4
 Borgnjor's Vile Clutch   Necr/Erth      0%         N/A       100%        5
 Fireball                 Conj/Fire      0%         3d3       100%        5
 Silence                  Hex/Air        0%         N/A       100%        5
 Shadow Creatures         Summ           N/A        N/A       100%        6


Dungeon Overview and Level Annotations

Branches:
Dungeon (12/15)            Temple (1/1) D:4            Lair (3/6) D:8
  Swamp (0/4) Lair:2          Orc (0/2) D:12        Gauntlet (1/1)
  Snake: Lair:2-4    Spider: Lair:2-4

Altars:
Ashenzari
Cheibriados
Dithmenos
Elyvilon
Fedhas
Hepliaklqana
Kikubaaqudgha
Makhleb
Nemelex Xobeh
Qazlal
Ru
Sif Muna
Trog
Uskayaw
Wu Jian
Xom
Yredelemnul
Zin
The Shining One

Shops:
D:3 *([=   D:10 [

Annotations:
Gauntlet 9 transporters, 2 runed translucent doors


Innate Abilities, Weirdness & Mutations

You are too large for most types of armour.
You have claws for hands.
Your natural rate of healing is unusually fast.
You are covered in fur. (AC +1)
You have tough skin. (AC +1)


Message History

Aiming: Corrosive Bolt
Press: ? - help, Shift-Dir - straight line, f/p - death yak
Aim: a death yak (lightly wounded, 90% to hit)
The bolt of acid hits the death yak!
The death yak is splashed with acid.
The death yak is moderately wounded.
Unknown command.
Aiming: Corrosive Bolt
Press: ? - help, Shift-Dir - straight line, f/p - death yak
Aim: a death yak (moderately wounded, 90% to hit)
The bolt of acid misses the death yak.
You block the death yak's attack.
Unknown command.
Aiming: Corrosive Bolt
Press: ? - help, Shift-Dir - straight line, f/p - death yak
Aim: a death yak (moderately wounded, 90% to hit)
The bolt of acid hits the death yak but does no damage.
The death yak is moderately wounded.
You block the death yak's attack.
Unknown command.
Aiming: Corrosive Bolt
Press: ? - help, Shift-Dir - straight line, f/p - death yak
Aim: a death yak (moderately wounded, 90% to hit)
The bolt of acid hits the death yak!
The death yak is splashed with acid.
The acid corrodes the death yak!
The death yak is heavily wounded.
The now-empty wand crumbles to dust.
You don't have any such object.
Evoke which item? (* to show all) (? for menu, Esc to quit)
Huh?
Evoke which item? (* to show all) (? for menu, Esc to quit)
You don't have any such object.
Evoke which item? (* to show all) (? for menu, Esc to quit)
You don't have any such object.
Evoke which item? (* to show all) (? for menu, Esc to quit)
Okay, then.
Aiming: Iceblast
Press: ? - help, Shift-Dir - straight line, p - death yak The mass of ice explodes!
The iceblast engulfs the death yak!
The death yak is severely wounded.
The death yak gores you!!
You die...

##...#[.##.##..#####[.#.#..
#≈...#.##...##.#...#.......
##...#...99Y...#...########
#≈...###########...........
##...............8.....8...
.# ##.8.....8................
..##≈...............#########
...##...#########...#........
....#...#[##@Y..#...#.#.#.#.#
.©8.#...#?[##†.######..#.#.#.
....#...#...#.###...#.#.#.#.#
.©8.#.8.#©##.##.#©.©#©.#.©.#.
....#...###.#...#...#.#.#.#.#
.©8.#...##..##..#####..#.#.#.
....#§§.#....##.#...#.#.#.#.#
...##§§.#########...#........
..##§...............#########


You could see a death yak (corroded), a catoblepas, a molten gargoyle and a
gargoyle.

Vanquished Creatures
  Harold (D:8)
  A boulder beetle (D:11)
  A two-headed ogre (D:10)
  8 death yaks
  An ugly thing (D:12)
  A cyclops (D:12)
  A manticore (D:11)
  A torpor snail (Gauntlet)
  2 cane toads (Lair:3)
  Maggie (D:8)
  A kobold demonologist (D:11)
  2 rime drakes
  A komodo dragon (D:12)
  An efreet (Gauntlet)
  2 trolls (D:11)
  A hornet (D:9)
  6 blink frogs
  2 wyverns
  A spriggan (D:8)
  19 yaks
  A fire elemental (Gauntlet)
  3 steam dragons
  A basilisk (Lair:2)
  6 vampire mosquitoes (Lair:2)
  Edmund (D:4)
  A hell hound (Gauntlet)
  2 water moccasins
  4 orc warriors
  2 sky beasts
  A necrophage (D:6)
  8 centaurs
  2 ogres
  2 kobold brigands
  6 bullfrogs
  A gnoll sergeant (D:9)
  A scorpion (D:6)
  3 water moccasin zombies
  2 water moccasin skeletons
  6 killer bees
  3 howler monkeys
  An electric eel (Lair:2)
  2 vampire bats (D:5)
  4 bullfrog zombies
  5 centaur zombies
  A centaur skeleton (D:6)
  5 hounds
  6 orc priests
  A bullfrog skeleton (D:6)
  3 iguanas
  6 orc wizards
  2 hound skeletons (D:4)
  A howler monkey zombie (D:9)
  7 gnolls
  6 adders
  A shadow imp (D:5)
  2 white imps
  A worm (D:2)
  2 dart slugs (D:1)
  25 orcs
  6 ball pythons
  4 bat skeletons (D:5)
  2 bat zombies (D:5)
  7 endoplasms
  5 giant cockroaches
  4 goblins
  4 hobgoblins
  2 quokkas
  5 bats
  2 frilled lizards (D:1)
  A jackal skeleton (D:2)
  14 kobolds
  3 rats
250 creatures vanquished.

Vanquished Creatures (others)
  2 fungi
2 creatures vanquished.

Grand Total: 252 creatures vanquished

Notes
Turn   | Place    | Note
-------+----------+-------------------------------------------
     0 | D:1      | robertstho the Troll Monk began the quest for the Orb.
     0 | D:1      | Reached XP level 1. HP: 22/22 MP: 0/0
   164 | D:1      | Reached XP level 2. HP: 29/29 MP: 1/1
   960 | D:2      | Found a faded altar of an unknown god.
   999 | D:2      | Reached XP level 3. HP: 36/36 MP: 2/2
  1226 | D:2      | Found a stormy altar of Qazlal.
  1507 | D:3      | Found Vesto's Assorted Antiques.
  1568 | D:3      | Bought a scroll of identify for 46 gold pieces
  1568 | D:3      | Bought a scroll of identify for 46 gold pieces
  1615 | D:3      | Found Fulo's Jewellery Emporium.
  1622 | D:3      | Found Vyenwur's Antique Weapon Emporium.
  1794 | D:3      | Found Idet's Armour Shoppe.
  1858 | D:3      | Reached skill level 4 in Unarmed Combat
  1858 | D:3      | Reached XP level 4. HP: 39/44 MP: 3/3
  2036 | D:4      | Noticed Edmund
  2063 | D:4      | Killed Edmund
  2064 | D:4      | Reached skill level 5 in Unarmed Combat
  2064 | D:4      | Reached XP level 5. HP: 30/53 MP: 4/4
  2136 | D:4      | Reached XP level 6. HP: 51/61 MP: 5/5
  2157 | D:4      | Found a staircase to the Ecumenical Temple.
  2212 | Temple   | Entered the Ecumenical Temple
  2216 | Temple   | Became a worshipper of Ashenzari the Shackled
  2233 | D:4      | Found a sacrificial altar of Ru.
  2259 | D:4      | Found a basalt altar of Yredelemnul.
  2357 | D:4      | Found a shadowy altar of Dithmenos.
  2576 | D:4      | Found a hazy altar of Hepliaklqana.
  2633 | D:5      | Entered Level 5 of the Dungeon
  2724 | D:5      | Noticed a water moccasin
  2733 | D:5      | Killed a water moccasin
  2734 | D:5      | Reached skill level 6 in Unarmed Combat
  2802 | D:5      | Reached XP level 7. HP: 56/67 MP: 6/6
  2955 | D:5      | Found a stormy altar of Qazlal.
  2968 | D:5      | Found a shimmering blue altar of Sif Muna.
  2980 | D:5      | Identified Sif Muna's Compendium of the Snowflakes
  3035 | D:5      | Found an ancient bone altar of Kikubaaqudgha.
  3046 | D:5      | Reached skill level 7 in Unarmed Combat
  3228 | D:5      | Noticed a steam dragon
  3235 | D:5      | Killed a steam dragon
  3236 | D:5      | Reached skill level 8 in Unarmed Combat
  3258 | D:5      | Reached XP level 8. HP: 45/78 MP: 7/7
  3435 | D:6      | Found a hide-covered altar of Uskayaw.
  3601 | D:6      | Reached skill level 9 in Unarmed Combat
  3676 | D:6      | Identified the +11 hunting sling "Ciuzyr" {freeze, Str+5}
  3740 | D:6      | Reached * piety under Ashenzari
  4103 | D:7      | Reached skill level 10 in Unarmed Combat
  4154 | D:7      | Reached XP level 9. HP: 81/85 MP: 8/8
  4867 | D:8      | Found a staircase to the Lair.
  5392 | D:8      | Reached skill level 11 in Unarmed Combat
  5393 | D:8      | Noticed Harold
  5410 | D:8      | Reached skill level 5 in Fighting
  5421 | D:8      | Killed Harold
  5422 | D:8      | Reached skill level 12 in Unarmed Combat
  5422 | D:8      | Reached XP level 10. HP: 9/96 MP: 9/9
  5782 | D:8      | Noticed Maggie
  5788 | D:8      | Killed Maggie
  6469 | D:9      | Reached skill level 13 in Unarmed Combat
  6794 | D:9      | Found a glowing silver altar of Zin.
  6957 | D:10     | Entered Level 10 of the Dungeon
  6967 | D:10     | Reached skill level 1 in Armour
  7118 | D:10     | Found a white marble altar of Elyvilon.
  7209 | D:10     | Reached skill level 5 in Dodging
  7237 | D:10     | Noticed a two-headed ogre
  7242 | D:10     | Killed a two-headed ogre
  7243 | D:10     | Reached XP level 11. HP: 74/105 MP: 10/10
  7243 | D:10     | Found Naiwyrch's Antique Armour Shoppe.
  7276 | D:10     | Bought a runed scarf for 200 gold pieces
  7704 | D:11     | Noticed a boulder beetle
  7725 | D:11     | Killed a boulder beetle
  7726 | D:11     | Reached skill level 14 in Unarmed Combat
  8034 | D:11     | HP: 5/105 [troll (7)]
  8384 | D:12     | Identified the Guide on Torrid Translocation
  8537 | D:12     | Noticed a four-headed hydra
  8552 | D:12     | Noticed a red ugly thing
  8571 | D:12     | Killed a red ugly thing
  8591 | D:12     | Found a staircase to the Orcish Mines.
  8591 | D:12     | Noticed a four-headed hydra
  8809 | Lair:1   | Entered Level 1 of the Lair of Beasts
  9443 | Lair:1   | Reached skill level 15 in Unarmed Combat
  9651 | Lair:2   | Found a staircase to the Swamp.
  9915 | Lair:2   | Noticed a death yak
  9916 | Lair:2   | Noticed a death yak
  9916 | Lair:2   | Noticed a death yak
  9934 | Lair:2   | Killed a death yak
  9935 | Lair:2   | Reached XP level 12. HP: 103/115 MP: 11/11
  9941 | Lair:2   | Killed a death yak
  9946 | Lair:2   | Killed a death yak
 10233 | Lair:3   | Found a gate leading to a gauntlet.
 10242 | Gauntlet | Entered a Gauntlet
 10242 | Gauntlet | Found a transporter.
 10267 | Gauntlet | Found a transporter.
 10270 | Gauntlet | Noticed a green death
 10286 | Gauntlet | Found a transporter.
 10287 | Gauntlet | Found a transporter.
 10296 | Gauntlet | Noticed a catoblepas
 10303 | Gauntlet | Found a transporter.
 10315 | Gauntlet | Found the +4 moon troll leather armour {Spirit, Regen++
                  | MP+5}
 10317 | Gauntlet | Found a transporter.
 10318 | Gauntlet | Noticed a death yak
 10319 | Gauntlet | Noticed a death yak
 10321 | Gauntlet | Found a transporter.
 10324 | Gauntlet | Found a transporter.
 10328 | Gauntlet | Noticed a death yak
 10328 | Gauntlet | Noticed a death yak
 10329 | Gauntlet | Noticed a death yak
 10330 | Gauntlet | Identified the amulet of the Cicada {Reflect rF+ Regen+
                  | SH+5}
 10330 | Gauntlet | Noticed a death yak
 10354 | Gauntlet | Found a transporter.
 10354 | Gauntlet | Found a transporter.
 10358 | Gauntlet | Found a runed translucent door.
 10360 | Gauntlet | Found a runed translucent door.
 10362 | Gauntlet | Found a transporter.
 10393 | Gauntlet | Found a transporter.
 10524 | Gauntlet | Killed a death yak
 10533 | Gauntlet | Killed a death yak
 10534 | Gauntlet | Reached skill level 16 in Unarmed Combat
 10538 | Gauntlet | Killed a death yak
 10546 | Gauntlet | Killed a death yak
 10547 | Gauntlet | Reached skill level 5 in Armour
 10561 | Gauntlet | HP: 2/119 [death yak (17)]
 10563 | Gauntlet | Killed a death yak
 10569 | Gauntlet | Slain by a death yak

Illustrated notes

Levels and vault maps discovered:
D:1:      evilmike_arrival_rings, layout_basic
D:2:      layout_basic, hellmonk_ecumenical_altar_inner_sanctum, basic_altar,
          st_stairs_5
D:3:      layout_basic, serial_shops, shop, shop, nicolae_shop_window_shopping,
          nicolae_shop_behind_doors, grunt_decor_junction,
          ebering_dispersal_statue_hall
D:4:      layout_basic, nicolae_ru_awakened_eye, nicolae_overflow_hidden_temple,
          nicolae_hepliaklqana_hippocampus, lemuel_crystal_altar,
          minmay_temple_entry_glassed_door, uniq_edmund
D:5:      minmay_angry_zag, layout_rooms, led_sif_book,
          kennysheep_vampire_church, kennysheep_mini
D:6:      lemuel_ice_spiral_2, layout_basic, lemuel_doored_altar, serial_undead,
          serial_undead_e, serial_undead_b, serial_undead_e, serial_undead_a,
          kennysheep_generic_room_3
D:7:      layout_gridville
D:8:      layout_basic, lair_entry_dummy, hangedman_decor_growths, the_hattery,
          uniq_maggie, uniq_harold
D:9:      layout_roguey, general_overflow_altar, grunt_ministairs_3,
          amethyst_killhole
D:10:     layout_cave_pools, overflow_temple_1_default, kennysheep_another_room,
          kennysheep_small_circle
D:11:     minmay_evil_eye, layout_loops_ring
D:12:     layout_loops_corners, david_orc_2
Temple:   nicolae_temple_x_marks_the_god
Lair:1:   layout_regular_city
Lair:2:   layout_long_grid, minmay_swamp_entry_swarm,
          nicolae_lair_grove_arrangements, minivault_24, lemuel_fruit_tree,
          infiniplex_staircase_pool
Lair:3:   layout_hall_layers, portal_ice_cave_entry_ice_beasts,
          gauntlet_entry_generic, grunt_megastairs_2
Gauntlet: minmay_gauntlet_mixed_oops_all_seconds
          [minmay_gauntlet_arena_77_shame_cube, gammafunk_gauntlet_arena_grid,
          minmay_gauntlet_arena_77_chump_sandwich, nicolae_gauntlet_arena_x,
          minmay_gauntlet_arena_77_fan, gammafunk_gauntlet_arena_split_x,
          gauntlet_exit_hidden_loot]

Skill      XL: |  1  2  3  4  5  6  7  8  9 10 11 12 |
---------------+-------------------------------------+-----
Unarmed Combat | 4 5 6 8 10 12 13 15 16 | 16.3
Fighting       | 3 4 5 6 7 |  7.1
Dodging        | 3 4 5 |  5.8
Stealth        | 2 |  2.4
Armour         | 2 4 5 |  5.0

Action                   |  1- 3 |  4- 6 |  7- 9 | 10-12 || total
-------------------------+-------+-------+-------+-------++-------
Melee: Unarmed           |    99 |    91 |   231 |   441 ||   862
       Punch             |       |     4 |    11 |    39 ||    54
Invok: Curse Item        |       |       |     2 |     2 ||     4
       Shatter the Chain |       |       |       |     2 ||     2
Evoke: Wand              |       |       |       |     8 ||     8
  Use: Scroll            |     1 |       |     1 |     3 ||     5
       Potion            |       |     3 |     3 |     7 ||    13
 Stab: Sleeping          |     2 |       |     2 |     1 ||     5
Armor: Robe              |    42 |    20 |    87 |       ||   149
       Swamp dragon scal |       |       |       |   194 ||   194
Dodge: Dodged            |    41 |    42 |   123 |   212 ||   418
       Repelled          |       |       |       |     2 ||     2
Block: Other             |       |       |       |     8 ||     8

Table legend: (Time is in decaauts)
 A = Elapsed time spent in this place.
 B = Non-inter-level travel time spent in this place.
 C = Inter-level travel time spent in this place.
 D = Time resting spent in this place.
 E = Time spent auto-exploring this place.
 F = Levels seen in this place.
 G = Mean time per level.
                   A        B        C        D        E       F      G
               +--------+--------+--------+--------+--------+-----+--------+
         Total |  10387 |   9907 |    480 |    415 |   7703 |  17 |  611.0 |
       Dungeon |   8669 |   8233 |    436 |    336 |   6430 |  12 |  722.4 |
        Temple |      8 |      4 |      4 |      0 |      0 |   1 |    8.0 |
          Lair |   1402 |   1363 |     39 |     49 |   1109 |   3 |  467.3 |
      Gauntlet |    306 |    306 |      0 |     30 |    164 |   1 |  306.0 |
               +--------+--------+--------+--------+--------+-----+--------+

Top non-repeatable levels by time:
     D:8: 1328 daAuts
     D:9: 960 daAuts
     D:1: 894 daAuts
    D:11: 847 daAuts
     D:7: 769 daAuts
  Lair:1: 760 daAuts
     D:4: 759 daAuts
     D:5: 710 daAuts
     D:2: 604 daAuts
     D:6: 574 daAuts
  Lair:2: 569 daAuts
    D:10: 490 daAuts
     D:3: 399 daAuts
    D:12: 328 daAuts
Gauntlet: 306 daAuts
